BSA
ORLANDO CALRISSIAN @ SAN FRANCISCO BANDITS
06/16/2026
 
TOP OF THE 1ST
Orlando Calrissian batting - Pitching for San Francisco Bandits : LHP Pancho Guerrero
Pitching: LHP Pancho Guerrero
Batting: RHB Kenny Cole 0-0: Called Strike
0-1: Ball
1-1: Ball
2-1: Ball
3-1: Foul Ball, location: 2F
3-2: Foul Ball, location: 2F
3-2: Ground out 6-3 (Groundball, 6)
Batting: RHB Frederico Hernández 0-0: Called Strike
0-1: SINGLE (Line Drive, 56D)
Batting: RHB Rich Anderson 0-0: Ball
1-0: Ball
2-0: Fly out, F2 (Popup, 2LF)
Batting: RHB Raúl Canó 0-0: Foul Ball, location: 2F
0-1: Ball
1-1: Ball
2-1: Foul Ball, location: 2F
2-2: Foul Ball, location: 2F
2-2: Foul Ball, location: 2F
2-2: Foul Ball, location: 2F
2-2: Foul Ball, location: 2F
2-2: Foul Ball, location: 2F
2-2: Foul Ball, location: 2F
2-2: Strikes out looking
Top of the 1st over - 0 run(s), 1 hit(s), 0 error(s), 1 left on base; Orlando 0 - San Francisco 0
BOTTOM OF THE 1ST
San Francisco Bandits batting - Pitching for Orlando Calrissian : LHP Mark Collins
Pitching: LHP Mark Collins
Batting: RHB Pete Rideout 0-0: Swinging Strike
0-1: Ball
1-1: Foul Ball, location: 2F
1-2: Ground out 6-3 (Groundball, 6)
Batting: LHB Jerry Bryan 0-0: Ball
1-0: Called Strike
1-1: Foul Ball, location: 2F
1-2: Strikes out looking
Batting: RHB Jorge Morales 0-0: Called Strike
0-1: SOLO HOME RUN (Line Drive, 7D), Distance : 380 ft
Batting: RHB Michael Elliott 0-0: Ball
1-0: Foul Ball, location: 2F
1-1: Ball
2-1: Called Strike
2-2: Strikes out looking
Bottom of the 1st over - 1 run(s), 1 hit(s), 0 error(s), 0 left on base; Orlando 0 - San Francisco 1
TOP OF THE 2ND
Orlando Calrissian batting - Pitching for San Francisco Bandits : LHP Pancho Guerrero
Batting: RHB Robby Lewis 0-0: SINGLE (Line Drive, 78M)
Batting: RHB Enrique Ramírez 0-0: Ball
1-0: Called Strike
1-1: Ball
2-1: Foul Ball, location: 2F
2-2: Fly out, F6 (Popup, 6D)
Batting: LHB Danny Allen 0-0: Ball
1-0: Called Strike
1-1: Ball
2-1: Ball
3-1: Foul Ball, location: 2F
3-2: Base on Balls
Robby Lewis to second
Batting: LHB Santiago Márquez 0-0: Fly out, F7 (Flyball, 7M)
Batting: RHB Gary Witt 0-0: Foul Ball, location: 2F
0-1: Ball
1-1: Ground out 6-3 (Groundball, 6)
Top of the 2nd over - 0 run(s), 1 hit(s), 0 error(s), 2 left on base; Orlando 0 - San Francisco 1
BOTTOM OF THE 2ND
San Francisco Bandits batting - Pitching for Orlando Calrissian : LHP Mark Collins
Batting: RHB Cory Foster 0-0: Ball
1-0: Ball
2-0: Called Strike
2-1: Foul Ball, location: 2F
2-2: Fly out, F4 (Popup, 4)
Batting: RHB Javier Ramírez 0-0: Called Strike
0-1: Called Strike
0-2: Ball
1-2: Strikes out swinging
Batting: RHB David Crespo 0-0: Ball
1-0: Foul Ball, location: 2F
1-1: Fly out, F7 (Flyball, 7M)
Bottom of the 2nd over - 0 run(s), 0 hit(s), 0 error(s), 0 left on base; Orlando 0 - San Francisco 1
TOP OF THE 3RD
Orlando Calrissian batting - Pitching for San Francisco Bandits : LHP Pancho Guerrero
Batting: RHB Kenny Cole 0-0: Ball
1-0: Called Strike
1-1: Swinging Strike
1-2: Foul Ball, location: 2F
1-2: Strikes out swinging
Batting: RHB Frederico Hernández 0-0: Ball
1-0: Called Strike
1-1: Ball
2-1: Ball
3-1: Base on Balls
Batting: RHB Rich Anderson 0-0: Ball
1-0: DOUBLE (Line Drive, 7LS)
Frederico Hernández to third
Pinch Runner at 2nd Greg Schultz:
Batting: RHB Raúl Canó 0-0: Ball
1-0: Ball
2-0: Ball
3-0: Fly out, F4 (Popup, 3D)
Batting: RHB Robby Lewis 0-0: Fly out, F2 (Popup, 2LF)
Top of the 3rd over - 0 run(s), 1 hit(s), 0 error(s), 2 left on base; Orlando 0 - San Francisco 1
BOTTOM OF THE 3RD
San Francisco Bandits batting - Pitching for Orlando Calrissian : LHP Mark Collins
Now at C: Greg Schultz
Batting: RHB Bob Orr 0-0: Ball
1-0: Ground out 6-3 (Groundball, 6M)
Batting: RHB Emílio Bruno 0-0: Ball
1-0: Foul Ball, location: 2F
1-1: SOLO HOME RUN (Flyball, 8RXD), Distance : 436 ft
Batting: RHB Pete Rideout 0-0: Ball
1-0: Called Strike
1-1: Called Strike
1-2: Ball
2-2: Fly out, F5 (Line Drive, 5S)
Batting: LHB Jerry Bryan 0-0: Ball
1-0: Fly out, F9 (Line Drive, 9M)
Bottom of the 3rd over - 1 run(s), 1 hit(s), 0 error(s), 0 left on base; Orlando 0 - San Francisco 2
TOP OF THE 4TH
Orlando Calrissian batting - Pitching for San Francisco Bandits : LHP Pancho Guerrero
Batting: RHB Enrique Ramírez 0-0: Ball
1-0: Called Strike
1-1: Ball
2-1: Fly out, F3 (Popup, 3F)
Batting: LHB Danny Allen 0-0: Foul Ball, location: 2F
0-1: Called Strike
0-2: Ball
1-2: Ground out 4-3 (Groundball, 4M)
Batting: LHB Santiago Márquez 0-0: Called Strike
0-1: Fly out, F7 (Flyball, 7LM)
Top of the 4th over - 0 run(s), 0 hit(s), 0 error(s), 0 left on base; Orlando 0 - San Francisco 2
BOTTOM OF THE 4TH
San Francisco Bandits batting - Pitching for Orlando Calrissian : LHP Mark Collins
Batting: RHB Jorge Morales 0-0: Foul Ball, location: 2F
0-1: Foul Ball, location: 2F
0-2: Ball
1-2: Foul Ball, location: 2F
1-2: Foul Ball, location: 2F
1-2: Strikes out swinging
Batting: RHB Michael Elliott 0-0: Called Strike
0-1: Fly out, F8 (Flyball, 8RD)
Batting: RHB Cory Foster 0-0: Foul Ball, location: 2F
0-1: SINGLE (Line Drive, 7S)
Batting: RHB Javier Ramírez 0-0: Called Strike
0-1: SINGLE (Line Drive, 8LS)
Cory Foster to second
Batting: RHB David Crespo 0-0: Swinging Strike
0-1: Swinging Strike
0-2: Ball
1-2: Foul Ball, location: 2F
1-2: Ball
2-2: Strikes out swinging
Bottom of the 4th over - 0 run(s), 2 hit(s), 0 error(s), 2 left on base; Orlando 0 - San Francisco 2
TOP OF THE 5TH
Orlando Calrissian batting - Pitching for San Francisco Bandits : LHP Pancho Guerrero
Batting: RHB Gary Witt 0-0: SINGLE (Groundball, 4MD)
Batting: RHB Kenny Cole 0-0: Ball
1-0: Swinging Strike
1-1: Ball
2-1: Fielders Choice at 2nd, 5-4 (Groundball, 5L)
Batting: RHB Frederico Hernández 0-0: Ball
1-0: Fly out, F3 (Popup, 23F)
Batting: LHB Greg Schultz 0-0: Foul Ball, location: 2F
0-1: Ball
1-1: Ball
2-1: Foul Ball, location: 2F
2-2: Strikes out swinging
Top of the 5th over - 0 run(s), 1 hit(s), 0 error(s), 1 left on base; Orlando 0 - San Francisco 2
BOTTOM OF THE 5TH
San Francisco Bandits batting - Pitching for Orlando Calrissian : LHP Mark Collins
Batting: RHB Bob Orr 0-0: Foul Ball, location: 2F
0-1: Ball
1-1: Ball
2-1: Ball
3-1: Fly out, F8 (Flyball, 8RXD)
Batting: RHB Emílio Bruno 0-0: Called Strike
0-1: Ball
1-1: Swinging Strike
1-2: Fly out, F9 (Flyball, 89M)
Batting: RHB Pete Rideout 0-0: Ground out 5-3 (Groundball, 56)
Bottom of the 5th over - 0 run(s), 0 hit(s), 0 error(s), 0 left on base; Orlando 0 - San Francisco 2
TOP OF THE 6TH
Orlando Calrissian batting - Pitching for San Francisco Bandits : LHP Pancho Guerrero
Batting: RHB Raúl Canó 0-0: Swinging Strike
0-1: Ball
1-1: Foul Ball, location: 2F
1-2: Ground out 2-3 (Groundball, 25)
Batting: RHB Robby Lewis 0-0: Ball
1-0: Foul Ball, location: 2F
1-1: Swinging Strike
1-2: Ball
2-2: Foul Ball, location: 2F
2-2: Foul Ball, location: 2F
2-2: Strikes out swinging
Batting: RHB Enrique Ramírez 0-0: Called Strike
0-1: Ball
1-1: Foul Ball, location: 2F
1-2: SINGLE (Line Drive, 6D)
Batting: LHB Danny Allen 0-0: Ball
1-0: Foul Ball, location: 2F
1-1: Ball
2-1: Fly out, F2 (Popup, 2LF)
Top of the 6th over - 0 run(s), 1 hit(s), 0 error(s), 1 left on base; Orlando 0 - San Francisco 2
BOTTOM OF THE 6TH
San Francisco Bandits batting - Pitching for Orlando Calrissian : LHP Mark Collins
Batting: LHB Jerry Bryan 0-0: Called Strike
0-1: Ball
1-1: Called Strike
1-2: Foul Ball, location: 2F
1-2: Foul Ball, location: 2F
1-2: Foul Ball, location: 2F
1-2: Ball
2-2: Strikes out swinging
Batting: RHB Jorge Morales 0-0: Ball
1-0: Ball
2-0: Called Strike
2-1: Called Strike
2-2: Foul Ball, location: 2F
2-2: Ball
3-2: Foul Ball, location: 2F
3-2: Foul Ball, location: 2F
3-2: Foul Ball, location: 2F
3-2: DOUBLE (Flyball, 78D)
Batting: RHB Michael Elliott 0-0: Ground out 1-3 (Groundball, 15S)
Batting: RHB Cory Foster 0-0: Called Strike
0-1: Ball
1-1: SINGLE (Line Drive, 78S)
Jorge Morales to third
Runner from 3rd tries for Home, SAFE, no throw or cutoff
Batting: RHB Javier Ramírez 0-0: Ball
1-0: Ball
2-0: Called Strike
2-1: Foul Ball, location: 2F
2-2: Ball
3-2: Strikes out swinging
Bottom of the 6th over - 1 run(s), 2 hit(s), 0 error(s), 1 left on base; Orlando 0 - San Francisco 3
TOP OF THE 7TH
Orlando Calrissian batting - Pitching for San Francisco Bandits : LHP Pancho Guerrero
Batting: LHB Santiago Márquez 0-0: Ball
1-0: Called Strike
1-1: Called Strike
1-2: Foul Ball, location: 2F
1-2: Ground out 1-3 (Groundball, 15S)
Batting: RHB Gary Witt 0-0: Called Strike
0-1: Called Strike
0-2: Foul Ball, location: 2F
0-2: Ball
1-2: Strikes out swinging
Batting: RHB Kenny Cole 0-0: Ball
1-0: Called Strike
1-1: Ball
2-1: Foul Ball, location: 2F
2-2: Ball
3-2: Base on Balls
Pitching: RHP Fernando Llama
Batting: RHB Frederico Hernández 0-0: Ball
Kenny Cole steals 2nd base
1-0: Ball
2-0: Ball
3-0: Swinging Strike
3-1: Fly out, F9 (Flyball, 9LM)
Top of the 7th over - 0 run(s), 0 hit(s), 0 error(s), 1 left on base; Orlando 0 - San Francisco 3
BOTTOM OF THE 7TH
San Francisco Bandits batting - Pitching for Orlando Calrissian : LHP Mark Collins
Pitching: RHP Bernardo Hernández
Batting: RHB David Crespo 0-0: Foul Ball, location: 2F
0-1: Ball
1-1: Ball
2-1: Swinging Strike
2-2: Strikes out looking
Batting: RHB Bob Orr 0-0: Called Strike
0-1: Ground out 6-3 (Groundball, 6)
Batting: RHB Emílio Bruno 0-0: Ball
1-0: Fly out, F8 (Flyball, 89D)
Bottom of the 7th over - 0 run(s), 0 hit(s), 0 error(s), 0 left on base; Orlando 0 - San Francisco 3
TOP OF THE 8TH
Orlando Calrissian batting - Pitching for San Francisco Bandits : RHP Fernando Llama
Batting: LHB Greg Schultz 0-0: Ball
1-0: Called Strike
1-1: SINGLE (Line Drive, 6)
Pitching: RHP Carlos Ruíz
Batting: RHB Raúl Canó 0-0: Ball
1-0: Foul Ball, location: 2F
1-1: Swinging Strike
1-2: Ball
2-2: SINGLE (Groundball, 56)
Greg Schultz to second
Batting: RHB Robby Lewis 0-0: Ball
1-0: SINGLE (Groundball, 56)
Greg Schultz to third
Raúl Canó to second
Pinch Hitting: RHB Ernesto Acosta 0-0: Foul Ball, location: 2F
0-1: GRAND SLAM HOME RUN (Flyball, 7D), Distance : 436 ft
Pitching: LHP Esteban Peña
Batting: LHB Danny Allen 0-0: Called Strike
0-1: Ball
1-1: Swinging Strike
1-2: Strikes out looking
Batting: LHB Santiago Márquez 0-0: Foul Ball, location: 2F
0-1: Foul Ball, location: 2F
0-2: Ball
1-2: Ground out 6-3 (Groundball, 56)
Batting: RHB Gary Witt 0-0: Ball
1-0: Ball
2-0: Ball
3-0: Base on Balls
Batting: RHB Kenny Cole 0-0: Called Strike
0-1: Ball
1-1: Swinging Strike
1-2: Ball
Wild Pitch!
Gary Witt to second
2-2: SINGLE (Line Drive, 56D)
Gary Witt to third
Runner from 3rd tries for Home, SAFE, no throw or cutoff
Batting: RHB Frederico Hernández 0-0: Ball
1-0: Foul Ball, location: 2F
1-1: Ball
2-1: Fielders Choice at 2nd, U4 (Groundball, 4M)
Top of the 8th over - 5 run(s), 5 hit(s), 0 error(s), 1 left on base; Orlando 5 - San Francisco 3
BOTTOM OF THE 8TH
San Francisco Bandits batting - Pitching for Orlando Calrissian : RHP Bernardo Hernández
Now at 2B: Enrique Bermúdez
Batting: RHB Pete Rideout 0-0: Ball
1-0: Called Strike
1-1: Ground out 1-3 (Groundball, 13S)
Batting: LHB Jerry Bryan 0-0: Ball
1-0: Ball
2-0: Called Strike
2-1: Ball
3-1: Foul Ball, location: 2F
3-2: Base on Balls
Batting: RHB Jorge Morales 0-0: Ball
1-0: Called Strike
1-1: Foul Ball, location: 2F
1-2: Ball
2-2: Ball
3-2: Base on Balls
Jerry Bryan to second
Batting: RHB Michael Elliott 0-0: Swinging Strike
0-1: Ball
1-1: SINGLE (Groundball, 5D)
Jerry Bryan to third
Jorge Morales to second
Runner from 3rd tries for Home, SAFE, throw made home
Jorge Morales to third
Michael Elliott to second
Batting: RHB Cory Foster 0-0: Ball
1-0: Ball
2-0: Ground out 6-3 (Groundball, 6)
Batting: RHB Javier Ramírez 0-0: Foul Ball, location: 2F
0-1: Ball
1-1: Foul Ball, location: 2F
1-2: Ground out 4-3 (Groundball, 34)
Bottom of the 8th over - 1 run(s), 1 hit(s), 0 error(s), 2 left on base; Orlando 5 - San Francisco 4
TOP OF THE 9TH
Orlando Calrissian batting - Pitching for San Francisco Bandits : LHP Esteban Peña
Pitching: RHP José Rivera
Batting: LHB Greg Schultz 0-0: Ball
1-0: Ground out U3 (Groundball, 3L)
Batting: RHB Raúl Canó 0-0: Called Strike
0-1: Foul Ball, location: 2F
0-2: SINGLE (Groundball, 34D) (infield hit)
Batting: RHB Robby Lewis 0-0: Foul Ball, location: 2F
0-1: Foul Ball, location: 2F
0-2: Ball
1-2: Ball
2-2: Strikes out swinging
Batting: RHB Enrique Bermúdez 0-0: Ball
1-0: Called Strike
1-1: Fielders Choice at 2nd, 6-4 (Groundball, 6)
Top of the 9th over - 0 run(s), 1 hit(s), 0 error(s), 0 left on base; Orlando 5 - San Francisco 4
BOTTOM OF THE 9TH
San Francisco Bandits batting - Pitching for Orlando Calrissian : RHP Bernardo Hernández
Pitching: LHP Salvador Rodríguez
Batting: RHB David Crespo 0-0: Called Strike
0-1: SINGLE (Groundball, 56D)
Batting: RHB Bob Orr 0-0: Ball
1-0: Bunt - Flyout! F2
Batting: RHB Emílio Bruno 0-0: Foul Ball, location: 2F
0-1: Ball
1-1: Foul Ball, location: 2F
1-2: Ball
2-2: Strikes out swinging
Batting: RHB Pete Rideout 0-0: Ground out 6-3 (Groundball, 6)
Bottom of the 9th over - 0 run(s), 1 hit(s), 0 error(s), 1 left on base; Orlando 5 - San Francisco 4
Monday, December 5th, 2016 - OOTP Baseball 17.12 Build 75